 Dungeon Crawl Stone Soup version 0.27.1-4-g1640c2035a (webtiles) character file.

Game seed: 1845714208171420449

1098 pkoi the Shield-Bearer (level 8, -8/64 HPs)
             Began as a Minotaur Fighter on Nov 9, 2021.
             Was a Believer of Yredelemnul.
             Mangled by an orc warrior (10 damage)
             ... on level 5 of the Dungeon.
             The game lasted 00:07:39 (5838 turns).

pkoi the Shield-Bearer (Minotaur Fighter)           Turns: 5838, Time: 00:07:40

Health: -8/64      AC:  9    Str: 24    XL:     8   Next: 10%
Magic:  10/10      EV:  6    Int:  5    God:    Yredelemnul [**....]
Gold:   403        SH: 11    Dex:  9    Spells: 7/7 levels left

rFire    . . .     SeeInvis .   a - +0 long sword
rCold    . . .     Faith    .   c - +0 kite shield
rNeg     . . .     Spirit   .   o - +0 chain mail
rPois    .         Reflect  .   (helmet restricted)
rElec    .         Harm     .   (no cloak)
rCorr    .         Rampage  .   (no gloves)
Will     .....                  (no boots)
Stlth    ..........             p - amulet of the acrobat
HPRegen  0.20/turn              (no ring)
MPRegen  0.12/turn              (no ring)

@: brilliant
A: horns 2, retaliatory headbutt
a: Renounce Religion, Animate Remains, Recall Undead Slaves, Injury Mirror


You were on level 5 of the Dungeon.
You worshipped Yredelemnul.
Yredelemnul was pleased with you.
You visited 1 branch of the dungeon, and saw 6 of its levels.

You collected 403 gold pieces.

Inventory:

Hand Weapons
 a - a +0 long sword (weapon)
Missiles
 k - 19 poisoned darts (quivered)
Armour
 c - a +0 kite shield (worn)
 o - a +0 chain mail (worn)
Jewellery
 p - an amulet of the acrobat (around neck)
 q - a ring of fire
Wands
 t - a wand of polymorph (9)
Scrolls
 b - a scroll of immolation {unknown}
 h - a scroll of summoning {unknown}
 j - a scroll of noise {unknown}
 n - 3 scrolls of enchant armour {unknown}
 u - a scroll of blinking
 v - a scroll of torment
 w - a scroll of amnesia
 x - 3 scrolls of identify
 y - a scroll of enchant weapon {unknown}
Potions
 d - a potion of might
 e - 3 potions of brilliance
 f - a potion of resistance
 g - 5 potions of curing
 i - a potion of lignification {unknown}
 l - a potion of flight
 m - a potion of ambrosia {unknown}
 r - 2 potions of attraction {unknown}
 s - 2 potions of degeneration {unknown}
 z - 2 potions of magic {unknown}
 A - a potion of mutation {unknown}
 B - 2 potions of haste {unknown}


   Skills:
 - Level 3.6 Fighting
 + Level 7.3 Long Blades
 - Level 3.6 Armour
 + Level 7.9 Shields
 + Level 4.6 Invocations


You had 7 spell levels left.
You didn't know any spells.
Your spell library contained the following spells:

 Spells                   Type           Power      Damage    Failure   Level
 Corpse Rot               Necr/Air       N/A        N/A       100%        2
 Poisonous Vapours        Pois/Air       0%         N/A       100%        2
 Static Discharge         Conj/Air       0%         N/A       100%        2
 Dazzling Flash           Conj/Hex       0%         N/A       100%        3
 Frozen Ramparts          Ice            0%         1d2       100%        3
 Ice Form                 Ice/Tmut       0%         N/A       100%        4
 Summon Ice Beast         Ice/Summ       0%         N/A       100%        4
 Fireball                 Conj/Fire      0%         3d3       100%        5
 Freezing Cloud           Conj/Ice/Air   0%         6-21      100%        5


Dungeon Overview and Level Annotations

Branches:
Dungeon (6/15)             Temple (0/1) D:6

Altars:
Cheibriados
Elyvilon
Makhleb
Okawaru
Sif Muna
Vehumet
Xom
Yredelemnul

Annotations:
D:4 2 transporters
D:5 2 transporters, pkoi's ghost, amateur MiFi


Innate Abilities, Weirdness & Mutations

You have a pair of horns on your head.
You reflexively headbutt those who attack you in melee.


Message History

You barely miss the orc warrior. Your headbutt misses the orc warrior.
You swap places.
The orc warrior hits your gnoll zombie with a +0 mace.
Your gnoll zombie hits the orc warrior with a +2 spectral quarterstaff!
The orc warrior hits your gnoll zombie with a +0 mace!
Your gnoll zombie is destroyed!
Your gnoll sergeant zombie hits the orc warrior but does no damage.
Your gnoll sergeant zombie hits the orc warrior but does no damage.
Something hits your gnoll sergeant zombie.
Your gnoll sergeant zombie hits something but does no damage.
There is a stone staircase leading up here.
Something barely misses your gnoll sergeant zombie.
Your gnoll sergeant zombie hits something with a +0 trident.
Something hits your gnoll sergeant zombie!
Your gnoll sergeant zombie is destroyed!
There is a stone staircase leading up here.
You start resting.
An orc warrior opens the door.
It is wielding a +0 mace.
The orc warrior shouts!
The orc warrior hits you with a +0 mace.
* * * LOW HITPOINT WARNING * * *
You hit the orc warrior but do no damage.
The orc warrior is moderately wounded.
The orc warrior hits you with a +0 mace!
* * * LOW HITPOINT WARNING * * *
You hit the orc warrior but do no damage.
The orc warrior is moderately wounded.
The orc warrior hits you with a +0 mace!
* * * LOW HITPOINT WARNING * * *
You slash the orc warrior!
The orc warrior is severely wounded.
You block the orc warrior's attack.
It was a potion of curing.
You feel better.
The orc warrior hits you with a +0 mace!
* * * LOW HITPOINT WARNING * * *
It was a potion of brilliance.
You feel clever all of a sudden.
The orc warrior hits you with a +0 mace!
You die...
Your body rises from the dead as a mindless zombie.

..........##.# #.#.##.#######
##.##.....##.# #.#<.........(
.#.#..#...##.# #.#..#####..#.
.....##...##.# #.............
.._.......##.### ##.#._.#.###.#
.....##....)...# #.........#.#
.#.#..#.).##)#'## ###.......#..
##.##...#.##...o### #.......##.
..(.......##....@<# #.....^.##.
#####.....'.....#######.......##.
#.....###.................'..
#.....# ###..........[....##.
#.....# #...............##.
#.....# #........#####.....
#.....# #........# #..... #...[.#
#........# #..... #######
########## #.....


You could see an orc warrior.

Vanquished Creatures
  A black bear (D:5)
  2 ogres
  A necrophage (D:4)
  Blork the orc (D:4)
  A bullfrog (D:6)
  A gnoll sergeant (D:5)
  2 scorpions
  A wyvern skeleton (D:4)
  A crimson imp (D:3)
  A centaur zombie (D:6)
  A bullfrog zombie (D:5)
  2 centaur skeletons
  A hound (D:4)
  An orc priest (D:6)
  Jessica (D:3)
  A hound skeleton (D:4)
  3 adders
  5 gnolls
  A howler monkey skeleton (D:6)
  A shadow imp (D:4)
  An adder skeleton (D:4)
  A dart slug (D:1)
  An orc (D:3)
  3 ball pythons
  6 endoplasms
  4 giant cockroaches (D:2)
  4 goblins
  4 hobgoblins
  4 jackals
  8 kobolds
  2 quokkas (D:2)
  A bat (D:1)
  2 frilled lizards
  7 rats
77 creatures vanquished.

Vanquished Creatures (others)
  An adder zombie (D:5)
  3 gnoll zombies
  An ogre zombie (D:6)
  A scorpion zombie (D:5)
  A plant (D:3)
7 creatures vanquished.

Grand Total: 84 creatures vanquished

Notes
Turn   | Place    | Note
-------+----------+-------------------------------------------
     0 | D:1      | pkoi the Minotaur Fighter began the quest for the Orb.
     0 | D:1      | Reached XP level 1. HP: 19/19 MP: 0/0
     6 | D:1      | Noticed an iguana
     6 | D:1      | Noticed a black bear
     6 | D:1      | Noticed a salamander
     7 | D:1      | Noticed a wolf
     7 | D:1      | Noticed a redback
   338 | D:1      | Reached XP level 2. HP: 26/26 MP: 1/1
   429 | D:1      | Found a faded altar of an unknown god.
   685 | D:1      | Became a worshipper of Yredelemnul the Dark
   685 | D:1      | Reached * piety under Yredelemnul
  1042 | D:2      | Reached XP level 3. HP: 24/31 MP: 2/2
  1147 | D:2      | Got the Catalogue of Creation and Attacks
  1181 | D:2      | Noticed a scorpion
  1188 | D:2      | Killed a scorpion
  1189 | D:2      | Reached skill level 5 in Shields
  1189 | D:2      | Reached XP level 4. HP: 27/39 MP: 3/3
  1793 | D:3      | You fall into a shaft and drop 3 floors!
  1814 | D:6      | Found a staircase to the Ecumenical Temple.
  1874 | D:6      | Noticed an orc warrior
  1883 | D:5      | Entered Level 5 of the Dungeon
  1883 | D:5      | Noticed a black bear
  1889 | D:5      | Killed a black bear
  1890 | D:5      | Reached skill level 1 in Invocations
  1890 | D:5      | Reached XP level 5. HP: 42/45 MP: 3/5
  1902 | D:5      | Found a shimmering altar of Xom.
  1908 | D:5      | Reached skill level 5 in Long Blades
  1939 | D:4      | Noticed a necrophage
  1944 | D:4      | Reached ** piety under Yredelemnul
  1947 | D:4      | Killed a necrophage
  1948 | D:4      | Reached XP level 6. HP: 44/51 MP: 6/6
  2177 | D:3      | Found a snail-covered altar of Cheibriados.
  2328 | D:3      | Noticed Jessica
  2338 | D:3      | Killed Jessica
  2650 | D:3      | Found a burning altar of Makhleb.
  2651 | D:3      | Found a radiant altar of Vehumet.
  2894 | D:4      | Noticed Blork the orc
  2906 | D:4      | Killed Blork the orc
  3186 | D:4      | Found a transporter.
  3319 | D:4      | Reached XP level 7. HP: 41/56 MP: 8/8
  3533 | D:4      | Found a white marble altar of Elyvilon.
  3684 | D:4      | Found a transporter.
  3792 | D:5      | Found a transporter.
  3795 | D:5      | Found a transporter.
  3795 | D:5      | Noticed pkoi's ghost (amateur MiFi)
  3962 | D:5      | Found a shimmering blue altar of Sif Muna.
  4422 | D:6      | Found an iron altar of Okawaru.
  5304 | D:5      | Reached XP level 8. HP: 40/64 MP: 10/10
  5834 | D:5      | HP: 2/64 [orc warrior (10)]
  5838 | D:5      | Mangled by an orc warrior

Illustrated notes

Levels and vault maps discovered:
D:1:      onia_arrival_zoo_common, layout_rooms,
          hellmonk_ecumenical_altar_arch_garden, minmay_octomino_j4
D:2:      layout_basic
D:3:      layout_loops_cross, grunt_temple_overflow_lords_of_destruction,
          lemuel_doored_altar, corexii_shack, kennysheep_potato, uniq_jessica
D:4:      gammafunk_cloud_chamber, layout_basic,
          mainiacjoe_overflow_six_doors_small, uniq_blork_the_orc
D:5:      layout_basic, mainiacjoe_overflow_small_starburst,
          mainiacjoe_overflow_tiny_flanked, gammafunk_ghost_mausoleum
D:6:      layout_basic, okawaru_gym_becter, minmay_temple_entry_antechambers

Skill      XL: |  1  2  3  4  5  6  7 |
---------------+----------------------+-----
Shields        | 4 5 6 7 |  7.9
Long Blades    | 3 4 5 6 7 |  7.3
Invocations    | 1 2 3 4 |  4.6
Fighting       | |  3.6
Armour         | |  3.6

Action                   |  1- 3 |  4- 6 |  7- 9 || total
-------------------------+-------+-------+-------++-------
Melee: Long sword        |    59 |    81 |   128 ||   268
       Headbutt          |     9 |    18 |    22 ||    49
Invok: Animate Remains   |       |     3 |     7 ||    10
  Use: Scroll            |       |       |     4 ||     4
       Potion            |       |       |     2 ||     2
Armor: Scale mail        |    36 |    10 |       ||    46
       Chain mail        |       |    13 |    43 ||    56
Dodge: Dodged            |    19 |    17 |    38 ||    74
Block: Kite shield       |    33 |    45 |    81 ||   159
       Rpst.: Long sword |     4 |     5 |     4 ||    13
